 Dungeon Crawl Stone Soup version 0.21.1-1-g345015f (webtiles) character file.

55 Mirai the Magician (level 3, -2/19 HPs)
             Began as a Deep Elf Conjurer on Apr 4, 2018.
             Slain by an adder (4 damage)
             ... on level 3 of the Dungeon.
             The game lasted 00:02:59 (1423 turns).

Mirai the Magician (Deep Elf Conjurer)              Turns: 1423, Time: 00:03:00

Health: -2/19      AC:  2    Str:  5    XL:     3   Next: 67%
Magic:  6/12       EV: 13    Int: 20    God:
Gold:   81         SH:  0    Dex: 20    Spells: 10/13 levels left

rFire    . . .     SeeInvis .   e - +0 short sword
rCold    . . .     Gourm    .   (no shield)
rNeg     . . .     Faith    .   a - +0 robe
rPois    .         Spirit   .   (no helmet)
rElec    .         Reflect  .   (no cloak)
rCorr    .         Harm     .   (no gloves)
MR       .....                  (no boots)
Stlth    +.........             (no amulet)
HPRegen  0.06/turn              l - ring of loudness (curse)
MPRegen  0.13/turn              p - +5 ring of dexterity

@: lethally poisoned (-2 -> -8)
A: no striking features
a: no special abilities


You were on level 3 of the Dungeon.
You were not hungry.

You visited 1 branch of the dungeon, and saw 3 of its levels.

You collected 81 gold pieces.

Inventory:

Hand Weapons
 e - a +0 short sword (weapon)
Armour
 a - a +0 robe (worn)
Jewellery
 l - a cursed ring of loudness (left hand)
 p - a +5 ring of dexterity (right hand)
 q - a +3 ring of slaying {unknown}
Scrolls
 i - a scroll of blinking {unknown}
 m - 3 scrolls of identify {unknown}
 n - a scroll of remove curse {unknown}
 o - a scroll of teleportation {unknown}
Potions
 d - 3 potions of curing {unknown}
 f - a potion of mutation {unknown}
 h - a potion of heal wounds {unknown}
 j - a potion of magic {unknown}
 k - a potion of lignification {unknown}
Books
 b - a book of Conjurations

   Spells                             Type                      Level
   a - Magic Dart                     Conjuration                  1
   b - Searing Ray                    Conjuration                  2
   c - Dazzling Spray                 Conjuration/Hexes            3
   d - Fulminant Prism                Conjuration/Hexes            4
   e - Force Lance                    Conjuration/Translocation    4
   f - Iskenderun's Mystic Blast      Conjuration                  4
Comestibles
 c - 5 rations
 g - 2 chunks of flesh


   Skills:
 - Level 2.4 Dodging
 - Level 2.4 Stealth
 + Level 5.6 Spellcasting
 - Level 4.3 Conjurations


You had 10 spell levels left.
You knew the following spells:

 Your Spells              Type           Power        Failure   Level  Hunger
a - Magic Dart            Conj           ###.         1%          1    None
b - Searing Ray           Conj           ###...       2%          2    None


Dungeon Overview and Level Annotations

Branches:
Dungeon (3/15)

Altars:
Gozag


Message History

The adder barely misses you.
Casting: Magic Dart
Confirm with . or Enter, or press ? or * to list all spells.
Aiming: Searing Ray
Press: ? - help, Shift-Dir - straight line, f - adder, p - hobgoblin
Aim: an adder The searing ray misses the adder. (Press . to maintain the ray.)
The adder bites you but does no damage. The leopard gecko closely misses you.
The searing ray hits the adder.
The adder is lightly wounded.
The adder bites you.
You are lethally poisoned!
The adder poisons you! The leopard gecko bites you.
* * * LOW HITPOINT WARNING * * *
The searing ray hits the adder.
The adder is severely wounded.
* * * LOW HITPOINT WARNING * * *
You feel sick. The adder bites you.
You die...

#####........
#............
..##.#....... .
####.#....... .#
######............ . ..
................. ...#.
................
....(.####..###.........
#.S@lhh.###.........
......###g..KK..........
....# #.#####.........
... ...# #......... .
....... #..h......
...#..##.# #>........
#...$..#.# ####..#### #
.....#.####...##
####..#.##Khh###


You could see an adder, a leopard gecko, 2 jackals, a hobgoblin and 2 kobolds.

Vanquished Creatures
  An adder (D:2)
  An ooze (D:3)
  A leopard gecko (D:3)
  7 bats
  2 giant cockroaches (D:2)
  2 goblins
  5 hobgoblins
  A quokka (D:2)
  5 frilled lizards
  9 kobolds
  10 rats
44 creatures vanquished.

Notes
Turn   | Place    | Note
-------+----------+-------------------------------------------
     0 | D:1      | Mirai the Deep Elf Conjurer began the quest for the Orb.
     0 | D:1      | Reached XP level 1. HP: 10/10 MP: 6/6
   121 | D:1      | Reached skill level 4 in Spellcasting
   121 | D:1      | Reached XP level 2. HP: 9/15 MP: 0/9
   503 | D:1      | Learned a level 2 spell: Searing Ray
   617 | D:2      | Reached skill level 5 in Spellcasting
   617 | D:2      | Reached XP level 3. HP: 19/19 MP: 1/11
   748 | D:2      | Found an opulent altar of Gozag.
  1423 | D:3      | Slain by an adder

Skill      XL: |  1  2 |
---------------+-------+-----
Spellcasting   | 4 5 |  5.6
Dodging        | |  2.4
Stealth        | |  2.4
Conjurations   | |  4.3

Action                   || total
-------------------------++-------
Melee: Short sword       ||    11
 Cast: Magic Dart        ||    67
       Searing Ray       ||     1
  Eat: Chunk             ||     1
Armor: Robe              ||     6
Dodge: Dodged            ||    24
